 Dungeon Crawl Stone Soup version 0.30.1-11-g7821555f0a (webtiles) character file.

Game seed: 15224832800564766474

1510 VoidStrider the Magician (level 8, -7/36 HPs)
             Began as a Spriggan Earth Elementalist on Jan 4, 2024.
             Was an Initiate of Sif Muna.
             Mangled by Maggie the wyvern (10 damage)
             ... on level 6 of the Dungeon.
             The game lasted 00:30:05 (5926 turns).

VoidStrider the Magician (SpEE)                     Turns: 5926, Time: 00:30:05

Health: -7/36      AC:  4    Str:  4    XL:     8   Next: 53%
Magic:  9/20       EV: 18    Int: 19    God:    Sif Muna [......]
Gold:   1049       SH:  0    Dex: 15    Spells: 12/22 levels left

rFire   + . .        c - +2 dagger (flame)
rCold   . . .        (no shield)
rNeg    . . .        w - +2 robe {Will+}
rPois   .            h - +0 hat of the Trees {+Blink rF+ Stlth-}
rElec   .            (no cloak)
rCorr   +            (gloves unavailable)
SInv    +            (boots unavailable)
Will    ++...        (no amulet)
Stlth   ++           l - ring of resist corrosion
HPRegen 0.26/turn    (no ring)
MPRegen 0.17/turn

%: no passive effects
@: very quick
A: very small, no large weapons, unfitting armour, see invisible, speed 3
a: Renounce Religion, Evoke Blink


You were on level 6 of the Dungeon.
You worshipped Sif Muna.
Sif Muna was noncommittal.
You visited 2 branches of the dungeon, and saw 7 of its levels.

You collected 1049 gold pieces.

Inventory:

Hand Weapons
 c - a +2 dagger of flaming (weapon)
Missiles
 u - 6 atropa-tipped darts
Armour
 a - an orb of energy
 h - the +0 hat of the Trees (worn) {+Blink rF+ Stlth-}
   (You acquired it on level 2 of the Dungeon)

   rF:        It protects you from fire.
   +Blink:    It lets you blink.
   Stlth:     It makes you less stealthy.
 w - a +2 robe of willpower (worn)
Jewellery
 l - a ring of resist corrosion (left hand)
Wands
 p - a wand of flame (17)
 s - a wand of polymorph (11)
Scrolls
 f - a scroll of immolation
 k - a scroll of teleportation
 n - a scroll of noise {unknown}
 q - a scroll of magic mapping {unknown}
 r - a scroll of fog {unknown}
 t - a scroll of poison {unknown}
 v - a scroll of vulnerability {unknown}
Potions
 b - a potion of magic
 d - 2 potions of flight
 e - a potion of curing
 g - 3 potions of berserk rage
 i - a potion of brilliance {unknown}
 j - a potion of mutation
 m - 4 potions of lignification


   Skills:
 * Level 4.5 Dodging
 * Level 6.0 Stealth
 * Level 7.8 Spellcasting
 * Level 4.0 Transmutations
 * Level 6.5 Earth Magic
 * Level 2.3 Evocations


You had 12 spell levels left.
You knew the following spells:

 Your Spells              Type           Power      Damage    Failure   Level
a - Sandblast             Erth           64%        2d14      1%          1
b - Passwall              Tmut/Erth      22%        N/A       1%          2
c - Stone Arrow           Conj/Erth      40%        3d9       7%          3
d - Petrify               Tmut/Erth      27%        N/A       11%         4

Your spell library contained the following spells:

 Spells                   Type           Power      Damage    Failure   Level
 Sting                    Tmut/Pois      60%        1d6       4%          1
 Cigotuvi's Dreadful Rot  Necr/Pois/Air  14%        N/A       14%         2
 Poisonous Vapours        Pois/Air       14%        N/A       14%         2
 Ignite Poison            Fire/Tmut/Pois 12%        N/A       16%         3
 Inner Flame              Hex/Fire       7%         N/A       28%         3
 Olgreb's Toxic Radiance  Pois           7%         N/A       67%         4
 Yara's Violent Unravell  Hex/Tmut       7%         3d5       75%         5
 Freezing Cloud           Conj/Ice/Air   3%         6-21      95%         5
 Enfeeble                 Hex            3%         N/A       100%        7


Dungeon Overview and Level Annotations

Branches:
Dungeon (6/15)             Temple (1/1) D:6

Altars:
Cheibriados
Elyvilon
Kikubaaqudgha
Nemelex Xobeh
Okawaru
Qazlal
Ru
Sif Muna

Shops:
D:5 [

Annotations:
D:6 Maggie


Innate Abilities, Weirdness & Mutations

You are very small and have problems with some larger weapons.
You are too small for most types of armour.
You have supernaturally acute eyesight. (SInv)
You cover ground extremely quickly. (Speed+++)


Message History

Press: ? - help, Q - select action, (/) - cycle Shift-Dir - straight line, f/p - Maggie
Aim: Maggie, wielding a +1 halberd of flaming and wearing +0 acid dragon scales (moderately wounded, will become a wyvern, a water moccasin, or a fire bat, chance to affect: 55%) Maggie evaporates and reforms as a wyvern!
The blast of sand hits Maggie.
Maggie is lightly wounded.
Maggie bites you. Maggie barely misses you.
The blast of sand hits Maggie!
Maggie is moderately wounded.
Maggie bites you! Maggie bites you.
You blink.
You are too injured to fight recklessly!
Casting: Sandblast (safe; 1% risk of failure)
Confirm with . or Enter, or press ? or * to list all spells.
Aiming: Sandblast (safe; 1% risk of failure)
Press: ? - help, Shift-Dir - straight line, f/p - Maggie
Aim: Maggie the wyvern (moderately wounded, 84% to hit)
The blast of sand hits Maggie.
Maggie is heavily wounded.
Casting: Sandblast (safe; 1% risk of failure)
Confirm with . or Enter, or press ? or * to list all spells.
Aiming: Sandblast (safe; 1% risk of failure)
Press: ? - help, Shift-Dir - straight line, f/p - Maggie
Aim: Maggie the wyvern (heavily wounded, 84% to hit)
The blast of sand hits Maggie.
Maggie is severely wounded.
Maggie bites you.
* * * LOW HITPOINT WARNING * * *
You are still too unstable to blink.
You feel better. Maggie bites you but does no damage.
Casting: Sandblast (safe; 1% risk of failure)
Confirm with . or Enter, or press ? or * to list all spells.
Aiming: Sandblast (safe; 1% risk of failure)
Press: ? - help, Shift-Dir - straight line, f/p - Maggie
Aim: Maggie the wyvern (severely wounded, 84% to hit)
The blast of sand misses Maggie.
You feel stable enough to blink again. Maggie bites you!
* * * LOW HITPOINT WARNING * * *
Maggie bites you!
You die...

...#.###.###<##
........## ##.#
..##.###.###.##
.###.# #.#.##
.....# ##.##
.#####
#.ยง.###### +#
#.#.......#
#.##..#.##l# #.
#)...##@# #
#..#.##.#
..<.^##.#
".....##.#
#........#
##.....###
.......


You could see Maggie the wyvern.

Vanquished Creatures
  Sigmund (D:4)
  A wyvern (D:6)
  A black bear (D:5)
  2 ice beasts
  2 sky beasts
  2 phantoms
  A gnoll sergeant (D:6)
  A scorpion (D:6)
  A jelly (D:5)
  A hound (D:4)
  2 orc priests
  A gnoll bouda (D:5)
  An iguana (D:5)
  3 orc wizards
  Robin (D:4)
  9 gnolls
  4 adders
  3 shadow imps (D:5)
  An ufetubus (D:4)
  A worm (D:4)
  3 dart slugs
  9 orcs
  4 bats
  10 endoplasms
  3 giant cockroaches
  15 goblins
  12 hobgoblins
  10 kobolds
  2 quokkas
  4 ball pythons
  4 frilled lizards
  4 rats
119 creatures vanquished.

Notes
Turn   | Place    | Note
-------+----------+-------------------------------------------
     0 | D:1      | VoidStrider the Spriggan Earth Elementalist began the quest
                  | for the Orb.
     0 | D:1      | Reached XP level 1. HP: 9/9 MP: 5/5
   132 | D:1      | Reached skill level 3 in Spellcasting
   189 | D:1      | Reached XP level 2. HP: 13/13 MP: 5/7
   856 | D:2      | Reached XP level 3. HP: 16/16 MP: 4/8
   930 | D:2      | Found a sparkling altar of Nemelex Xobeh.
  1413 | D:2      | Identified a scroll of acquirement
  1413 | D:2      | Acquired the +0 hat of the Trees {+Blink rF+ Stlth-}
  1440 | D:3      | Found an ancient bone altar of Kikubaaqudgha.
  1447 | D:3      | Found an iron altar of Okawaru.
  1499 | D:3      | Found a faded altar of an unknown god.
  2181 | D:3      | Found a sacrificial altar of Ru.
  2476 | D:4      | Reached skill level 4 in Spellcasting
  2476 | D:4      | Reached XP level 4. HP: 18/21 MP: 3/11
  2730 | D:4      | Noticed Sigmund
  2736 | D:4      | Killed Sigmund
  2737 | D:4      | Reached skill level 5 in Spellcasting
  2737 | D:4      | Reached XP level 5. HP: 21/24 MP: 6/13
  2883 | D:4      | Noticed Robin
  2903 | D:4      | Reached XP level 6. HP: 27/28 MP: 8/14
  2909 | D:4      | Killed Robin
  3137 | D:4      | Identified the +9 rapier of Quick Death {antimagic, rF+
                  | rN++ Int-4 Stlth+}
  3191 | D:4      | Found a snail-covered altar of Cheibriados.
  3525 | D:4      | Learned a level 2 spell: Passwall
  3529 | D:4      | Learned a level 3 spell: Stone Arrow
  3765 | D:5      | Entered Level 5 of the Dungeon
  3768 | D:5      | Reached skill level 5 in Earth Magic
  3808 | D:5      | HP: 1/28 [orc/+0 war axe (6)]
  3830 | D:5      | Reached XP level 7. HP: 17/32 MP: 6/16
  3908 | D:5      | Reached skill level 6 in Spellcasting
  4008 | D:5      | Reached skill level 5 in Stealth
  4265 | D:5      | Acquired 609 gold pieces
  4400 | D:5      | Reached skill level 1 in Evocations
  4505 | D:5      | Found Neampat's Antique Armour Emporium.
  4539 | D:5      | Found a sparkling altar of Nemelex Xobeh.
  5063 | D:6      | Reached skill level 7 in Spellcasting
  5063 | D:6      | Reached XP level 8. HP: 36/36 MP: 15/19
  5278 | D:6      | Found a shimmering blue altar of Sif Muna.
  5357 | D:6      | Became a worshipper of Sif Muna the Loreminder
  5610 | D:6      | Found a staircase to the Ecumenical Temple.
  5623 | Temple   | Entered the Ecumenical Temple
  5662 | D:6      | Learned a level 4 spell: Petrify
  5907 | D:6      | Noticed Maggie
  5917 | D:6      | Maggie changed into Maggie the wyvern
  5917 | D:6      | Noticed Maggie
  5926 | D:6      | Mangled by Maggie the wyvern

Illustrated notes

Levels and vault maps discovered:
D:1:      psy_arrival_radial02, layout_rooms,
          nicolae_concentric_dashed_squares_wild
D:2:      layout_loops_cross, basic_altar, dk_vineyard_3
D:3:      layout_basic, mainiacjoe_overflow_cross_hatched,
          mainiacjoe_overflow_alcove_1, okawaru_metal_pillars_3,
          ebering_ecumenical_altar_rust
D:4:      layout_gridville, cheibrodos_worm_habitat, uniq_sigmund, uniq_robin
D:5:      layout_cave_pools, mainiacjoe_overflow_brackets,
          kennysheep_cross_room, nicolae_eternal_life, nicolae_stop_n_shop_1
D:6:      layout_loops_corners, mainiacjoe_overflow_concentric_impassable,
          minmay_temple_entry_hall, uniq_blork_the_orc, uniq_maggie
Temple:   nicolae_temple_ecumenical_triangle

Skill      XL: |  1  2  3  4  5  6  7  8 |
---------------+-------------------------+-----
Earth Magic    | 3 4 5 6 |  6.5
Spellcasting   | 3 4 5 7 |  7.8
Dodging        | 3 4 |  4.5
Transmutations | 2 3 4 |  4.0
Stealth        | 4 5 6 |  6.0
Evocations     | 1 2 |  2.3

Action                     |  1- 3 |  4- 6 |  7- 9 || total
---------------------------+-------+-------+-------++-------
  Melee: Dagger            |     4 |       |       ||     4
   Cast: Sandblast         |    69 |    74 |   102 ||   245
         Stone Arrow       |       |     1 |     4 ||     5
         Petrify           |       |       |     1 ||     1
Ability: Evoke Blink       |       |       |     3 ||     3
  Evoke: Wand              |       |     4 |     1 ||     5
    Use: Scroll            |    10 |       |     4 ||    14
         Potion            |       |     2 |     5 ||     7
 Armour: Robe              |     1 |     7 |     3 ||    11
  Dodge: Dodged            |    18 |    50 |    56 ||   124
